cohdb
Replays
Latest Replays
All Replays
Popular Replays
Top Player Replays
Match Explorer
How It Works
Community
CoH3 Stats
Reddit
Sign in to upload your games and track your stats! →
Sign in with Steam
Match 43216549
Unlisted
Match 43216549
Overview
Messages
Build Orders
End
Kradschützen Motorcycle Team
Selects Italian Combined Arms Battlegroup
Selects Bersaglieri Squad
Bersaglieri Squad
Bersaglieri Squad
Construct Light Support Kompanie
Selects Bersaglieri Bolster
Bersaglieri Squad
Fire Support Elements
2.5-tonne Medical Truck
Flakvierling Half-track
Pak 38 Mechanized Group
Vehicle Survival Package
Selects Breda Model 30 Light Machine Guns
Construct Panzerarmee Kommand
MrGlaucus
Discoverer
anethma
R_O_N_I_N_93
0
0
Comments
sign in to comment!
No comments posted yet!